| TOP OF THE 1ST |
|
Anderson Rebels batting - Pitching for Spartanburg Spartans : LHP Michael Bungarz
|
|
Pitching: LHP Michael Bungarz
|
|
|
Batting: RHB Henry Cotto
|
0-0: Called Strike 0-1: Foul Ball, location: 2F 0-2: Foul Ball, location: 2F 0-2: Ball 1-2: Fly out, F8 (Flyball, 8LXD, EV 100.6 MPH)
|
|
Batting: RHB Guillermo Montiel
|
0-0: Called Strike 0-1: Called Strike 0-2: Ground out 4-3 (Groundball, 4, EV 103.1 MPH)
|
|
Batting: RHB Mike Gallego
|
0-0: Ball 1-0: Fly out, F5 (Popup, 5F, EV 68.8 MPH)
|
| Top of the 1st over - 0 runs, 0 hits, 0 errors, 0 left on base; Anderson 0 - Spartanburg 0 |
| BOTTOM OF THE 1ST |
|
Spartanburg Spartans batting - Pitching for Anderson Rebels : LHP Louis Whetstone
|
|
Pitching: LHP Louis Whetstone
|
|
|
Batting: SHB Michael Vanderburg
|
0-0: Ground out 6-3 (Groundball, 6, EV 88.8 MPH)
|
|
Batting: RHB Van Sowards
|
0-0: Called Strike 0-1: Called Strike 0-2: Ball 1-2: Fly out, F4 (Line Drive, 4, EV 74.4 MPH)
|
|
Batting: RHB Gib Seibert
|
0-0: Called Strike 0-1: Swinging Strike 0-2: Strikes out looking
|
| Bottom of the 1st over - 0 runs, 0 hits, 0 errors, 0 left on base; Anderson 0 - Spartanburg 0 |
| TOP OF THE 2ND |
|
Anderson Rebels batting - Pitching for Spartanburg Spartans : LHP Michael Bungarz
|
|
Batting: RHB Juan Blanco
|
0-0: SINGLE (Line Drive, 34D, EV 94.4 MPH)
|
|
Batting: LHB James Beck
|
0-0: Swinging Strike 0-1: Called Strike Juan Blanco steals 2nd base 0-2: Ball 1-2: Strikes out swinging
|
|
Batting: RHB Jose Bernhardt
|
0-0: Foul Ball, location: 2F 0-1: Ball Passed Ball! Juan Blanco to third 1-1: Ball 2-1: Ground out U3 (Groundball, 3, EV 83.8 MPH)
|
|
Batting: RHB Hector Ordonez
|
0-0: Reached on error, E5 (Groundball, 56S, EV 72.5 MPH) Juan Blanco scores
|
|
Batting: LHB Dwight Lowry
|
0-0: Ball 1-0: Foul Ball, location: 2F 1-1: Called Strike 1-2: Strikes out swinging
|
| Top of the 2nd over - 1 run, 1 hit, 1 error, 1 left on base; Anderson 1 - Spartanburg 0 |
| BOTTOM OF THE 2ND |
|
Spartanburg Spartans batting - Pitching for Anderson Rebels : LHP Louis Whetstone
|
|
Batting: LHB John Hennell
|
0-0: Ball 1-0: DOUBLE (Line Drive, 78M, EV 93.1 MPH)
|
|
Batting: RHB Dan Boever
|
0-0: Called Strike 0-1: Ball 1-1: Swinging Strike 1-2: Foul Ball, location: 2F 1-2: Ball 2-2: SINGLE (Groundball, 6S, EV 71.9 MPH) (infield hit) John Hennell to third
|
|
Batting: RHB Inocencio Guerrero
|
0-0: Ball 1-0: DOUBLE (Line Drive, 78XD, EV 97.5 MPH) John Hennell scores Dan Boever to third
|
|
Batting: RHB Ron Dillard
|
0-0: Ball 1-0: Swinging Strike 1-1: Ball 2-1: Ball 3-1: Foul Ball, location: 2F 3-2: Strikes out swinging
|
|
Batting: RHB Rigo Rodriguez
|
0-0: Called Strike 0-1: Fly out, F3 (Popup, 3L, EV 72.5 MPH)
|
|
Batting: LHB Albert Ortiz
|
0-0: Ball 1-0: Ball 2-0: Foul Ball, location: 2F 2-1: Called Strike 2-2: Strikes out looking
|
| Bottom of the 2nd over - 1 run, 3 hits, 0 errors, 2 left on base; Anderson 1 - Spartanburg 1 |
| TOP OF THE 3RD |
|
Anderson Rebels batting - Pitching for Spartanburg Spartans : LHP Michael Bungarz
|
|
Batting: LHB Tad Venger
|
0-0: Ground out 4-3 (Groundball, 4, EV 86.9 MPH)
|
|
Batting: RHB Henry Cotto
|
0-0: Called Strike 0-1: Ball 1-1: Ball 2-1: Ball 3-1: Base on Balls
|
|
Batting: RHB Guillermo Montiel
|
0-0: Ball Henry Cotto steals 2nd base (no throw) 1-0: Ball 2-0: Ball 3-0: Called Strike 3-1: Base on Balls
|
|
Batting: RHB Mike Gallego
|
0-0: Foul Ball, location: 2F 0-1: Ball 1-1: Foul Ball, location: 2F 1-2: DOUBLE (Flyball, 89XD, EV 98.1 MPH) Henry Cotto scores Guillermo Montiel to third
|
|
Batting: RHB Juan Blanco
|
0-0: Called Strike 0-1: Ball 1-1: Ball 2-1: Called Strike 2-2: Foul Ball, location: 2F 2-2: SINGLE (Line Drive, 7LS, EV 106.3 MPH) Guillermo Montiel scores Mike Gallego to third
|
|
Batting: LHB James Beck
|
0-0: Called Strike 0-1: Called Strike 0-2: Foul Ball, location: 2F 0-2: Ball 1-2: Foul Ball, location: 2F 1-2: Ground out 6-3 (Groundball, 4M, EV 107.5 MPH) Mike Gallego scores Juan Blanco to second
|
|
Batting: RHB Jose Bernhardt
|
0-0: Called Strike 0-1: Ground out 4-3 (Groundball, 4, EV 92.5 MPH)
|
| Top of the 3rd over - 3 runs, 2 hits, 0 errors, 1 left on base; Anderson 4 - Spartanburg 1 |
| BOTTOM OF THE 3RD |
|
Spartanburg Spartans batting - Pitching for Anderson Rebels : LHP Louis Whetstone
|
|
Batting: SHB Michael Vanderburg
|
0-0: Ball 1-0: Swinging Strike 1-1: Foul Ball, location: 2F 1-2: Ball 2-2: Strikes out looking
|
|
Batting: RHB Van Sowards
|
0-0: Ball 1-0: Ball 2-0: Ball 3-0: Base on Balls
|
|
Batting: RHB Gib Seibert
|
0-0: Ball 1-0: Ball 2-0: Ball 3-0: Called Strike 3-1: Base on Balls Van Sowards to second
|
|
Batting: LHB John Hennell
|
0-0: Ball 1-0: Fly out, F7 (Flyball, 7, EV 97.5 MPH)
|
|
Batting: RHB Dan Boever
|
0-0: Ball 1-0: Called Strike 1-1: SINGLE (Flyball, 34D, EV 86.9 MPH) Van Sowards to third Gib Seibert to second Runner from 3rd tries for Home, SAFE, throw by RF to home
|
|
Batting: RHB Inocencio Guerrero
|
0-0: Ball 1-0: Ball 2-0: Foul Ball, location: 2F 2-1: Ball 3-1: Base on Balls Gib Seibert to third Dan Boever to second
|
|
Batting: RHB Ron Dillard
|
0-0: Called Strike 0-1: Ball 1-1: Ball 2-1: Fielders Choice at 2nd, 5-4 (Groundball, 56, EV 106.3 MPH)
|
| Bottom of the 3rd over - 1 run, 1 hit, 0 errors, 3 left on base; Anderson 4 - Spartanburg 2 |
| TOP OF THE 4TH |
|
Anderson Rebels batting - Pitching for Spartanburg Spartans : LHP Michael Bungarz
|
|
Batting: RHB Hector Ordonez
|
0-0: SINGLE (Groundball, 6M, EV 98.8 MPH) (infield hit)
|
|
Batting: LHB Dwight Lowry
|
0-0: Fly out, F7 (Flyball, 78S, EV 91.3 MPH)
|
|
Batting: LHB Tad Venger
|
0-0: Ball 1-0: Fielders Choice at 2nd, 6-4 (Groundball, 6, EV 85.6 MPH)
|
|
Batting: RHB Henry Cotto
|
0-0: Called Strike 0-1: Ball 1-1: Ball 2-1: Ball 3-1: Called Strike 3-2: SINGLE (Line Drive, 9LS, EV 94.4 MPH) Tad Venger to second Tad Venger to third
|
|
Batting: RHB Guillermo Montiel
|
0-0: Ball 1-0: SINGLE (Groundball, 6D, EV 96.3 MPH) Tad Venger scores Henry Cotto to second
|
|
Batting: RHB Mike Gallego
|
0-0: Called Strike 0-1: SINGLE (Groundball, 34D, EV 103.1 MPH) Henry Cotto to third Guillermo Montiel to second Runner from 3rd tries for Home, SAFE, throw by RF to home
|
|
Batting: RHB Juan Blanco
|
0-0: Fly out, F3 (Popup, 3, EV 70.6 MPH)
|
| Top of the 4th over - 2 runs, 4 hits, 0 errors, 2 left on base; Anderson 6 - Spartanburg 2 |
| BOTTOM OF THE 4TH |
|
Spartanburg Spartans batting - Pitching for Anderson Rebels : LHP Louis Whetstone
|
|
Batting: RHB Rigo Rodriguez
|
0-0: Called Strike 0-1: Swinging Strike 0-2: Ball 1-2: Ball 2-2: Strikes out swinging
|
|
Batting: LHB Albert Ortiz
|
0-0: Ball 1-0: Ground out U3 (Groundball, 34S, EV 83.8 MPH)
|
|
Batting: SHB Michael Vanderburg
|
0-0: Ground out 6-3 (Groundball, 6, EV 100.0 MPH)
|
| Bottom of the 4th over - 0 runs, 0 hits, 0 errors, 0 left on base; Anderson 6 - Spartanburg 2 |
| TOP OF THE 5TH |
|
Anderson Rebels batting - Pitching for Spartanburg Spartans : LHP Michael Bungarz
|
|
Batting: LHB James Beck
|
0-0: Ball 1-0: Ball 2-0: Foul Ball, location: 2F 2-1: Foul Ball, location: 2F 2-2: Ball 3-2: Fly out, F8 (Flyball, 8LXD, EV 98.1 MPH)
|
|
Batting: RHB Jose Bernhardt
|
0-0: SINGLE (Groundball, 56D, EV 110.6 MPH)
|
|
Batting: RHB Hector Ordonez
|
0-0: Ball 1-0: Foul Ball, location: 2F 1-1: Ball 2-1: SINGLE (Flyball, 78S, EV 93.8 MPH) Jose Bernhardt to second
|
|
Batting: LHB Dwight Lowry
|
0-0: Ball 1-0: Foul Ball, location: 2F 1-1: Swinging Strike 1-2: Ball Wild Pitch! Jose Bernhardt to third Hector Ordonez to second 2-2: Ball 3-2: Foul Ball, location: 2F 3-2: Foul Ball, location: 2F 3-2: Foul Ball, location: 2F 3-2: Base on Balls
|
|
Batting: LHB Tad Venger
|
0-0: DOUBLE (Groundball, 3L, EV 101.3 MPH) Jose Bernhardt scores Hector Ordonez scores Dwight Lowry to third Runner from 3rd tries for Home, throw by RF and OUT! 9-4-2 Tad Venger to third
|
|
Pitching: LHP Scott Budner
|
|
|
Batting: RHB Henry Cotto
|
0-0: Ball 1-0: Ground out 6-3 (Groundball, 4MS, EV 83.1 MPH)
|
| Top of the 5th over - 2 runs, 3 hits, 0 errors, 1 left on base; Anderson 8 - Spartanburg 2 |
| BOTTOM OF THE 5TH |
|
Spartanburg Spartans batting - Pitching for Anderson Rebels : LHP Louis Whetstone
|
|
Batting: RHB Van Sowards
|
0-0: SINGLE (Groundball, 4MD, EV 94.4 MPH)
|
|
Batting: RHB Gib Seibert
|
0-0: Ball 1-0: Swinging Strike 1-1: Ball 2-1: Ball 3-1: Base on Balls Van Sowards to second
|
|
Batting: LHB John Hennell
|
0-0: Ball 1-0: Fly out, F7 (Flyball, 7LD, EV 101.3 MPH) Runner from 2nd tags up, SAFE at 3rd, no throw by LF
|
|
Batting: RHB Dan Boever
|
0-0: Called Strike 0-1: Ball 1-1: Fly out, F3 (Popup, 3F, EV 82.5 MPH)
|
|
Batting: RHB Inocencio Guerrero
|
0-0: Ball 1-0: Swinging Strike 1-1: Foul Ball, location: 2F 1-2: Ball 2-2: Strikes out swinging
|
| Bottom of the 5th over - 0 runs, 1 hit, 0 errors, 2 left on base; Anderson 8 - Spartanburg 2 |
| TOP OF THE 6TH |
|
Anderson Rebels batting - Pitching for Spartanburg Spartans : LHP Scott Budner
|
|
Batting: RHB Guillermo Montiel
|
0-0: Foul Ball, location: 2F 0-1: Foul Ball, location: 2F 0-2: Foul Ball, location: 2F 0-2: Ball 1-2: Foul Ball, location: 2F 1-2: Strikes out swinging
|
|
Batting: RHB Mike Gallego
|
0-0: Fly out, F9 (Flyball, 9S, EV 93.8 MPH)
|
|
Batting: RHB Juan Blanco
|
0-0: Ball 1-0: Ball 2-0: Foul Ball, location: 2F 2-1: Foul Ball, location: 2F 2-2: Ground out 6-3 (Groundball, 6, EV 85.6 MPH)
|
| Top of the 6th over - 0 runs, 0 hits, 0 errors, 0 left on base; Anderson 8 - Spartanburg 2 |
| BOTTOM OF THE 6TH |
|
Spartanburg Spartans batting - Pitching for Anderson Rebels : LHP Louis Whetstone
|
|
Batting: RHB Ron Dillard
|
0-0: Ball 1-0: Ball 2-0: Called Strike 2-1: Ground out 5-3 (Groundball, 5, EV 81.3 MPH)
|
|
Batting: RHB Rigo Rodriguez
|
0-0: Called Strike 0-1: Foul Ball, location: 2F 0-2: Foul Ball, location: 2F 0-2: Ball 1-2: Ball 2-2: Strikes out swinging
|
|
Batting: LHB Albert Ortiz
|
0-0: Fly out, F7 (Flyball, 7S, EV 85.6 MPH)
|
| Bottom of the 6th over - 0 runs, 0 hits, 0 errors, 0 left on base; Anderson 8 - Spartanburg 2 |
| TOP OF THE 7TH |
|
Anderson Rebels batting - Pitching for Spartanburg Spartans : LHP Scott Budner
|
|
Batting: LHB James Beck
|
0-0: Fly out, F8 (Flyball, 78M, EV 85.6 MPH)
|
|
Batting: RHB Jose Bernhardt
|
0-0: SINGLE (Groundball, 5S, EV 66.9 MPH) (infield hit)
|
|
Batting: RHB Hector Ordonez
|
0-0: Ball 1-0: Ball 2-0: Called Strike 2-1: Ball 3-1: Fly out, F7 (Line Drive, 7, EV 85.6 MPH)
|
|
Batting: LHB Dwight Lowry
|
0-0: Ball 1-0: Fly out, F9 (Flyball, 89M, EV 90.6 MPH)
|
| Top of the 7th over - 0 runs, 1 hit, 0 errors, 1 left on base; Anderson 8 - Spartanburg 2 |
| BOTTOM OF THE 7TH |
|
Spartanburg Spartans batting - Pitching for Anderson Rebels : LHP Louis Whetstone
|
|
Batting: SHB Michael Vanderburg
|
0-0: Ball 1-0: Foul Ball, location: 2F 1-1: Called Strike 1-2: Ball 2-2: Ground out 4-3 (Groundball, 4, EV 106.9 MPH)
|
|
Batting: RHB Van Sowards
|
0-0: SINGLE (Groundball, 6MD, EV 98.8 MPH)
|
|
Batting: RHB Gib Seibert
|
0-0: Called Strike Pickoff Throw to First - Error! E1 Van Sowards to second 0-1: Foul Ball, location: 2F 0-2: Ball 1-2: Ball 2-2: Ball 3-2: Foul Ball, location: 2F 3-2: Base on Balls
|
|
Batting: LHB John Hennell
|
0-0: Ball 1-0: Called Strike 1-1: Ball 2-1: Called Strike 2-2: Foul Ball, location: 2F 2-2: Ball 3-2: Base on Balls Van Sowards to third Gib Seibert to second
|
|
Batting: RHB Dan Boever
|
0-0: Ball 1-0: Ball 2-0: Foul Ball, location: 2F 2-1: SINGLE (Line Drive, 78S, EV 89.4 MPH) Van Sowards scores Gib Seibert to third John Hennell to second Runner from 3rd tries for Home, SAFE, throw by CF to home
|
|
Batting: RHB Inocencio Guerrero
|
0-0: Called Strike 0-1: Ball 1-1: Called Strike 1-2: Fly out, F9 (Flyball, 89S, EV 91.9 MPH)
|
|
Batting: RHB Ron Dillard
|
0-0: Called Strike 0-1: Foul Ball, location: 2F 0-2: Strikes out looking
|
| Bottom of the 7th over - 2 runs, 2 hits, 1 error, 2 left on base; Anderson 8 - Spartanburg 4 |
| TOP OF THE 8TH |
|
Anderson Rebels batting - Pitching for Spartanburg Spartans : LHP Scott Budner
|
|
Batting: LHB Tad Venger
|
0-0: Ball 1-0: Called Strike 1-1: Fly out, F6 (Flyball, 6D, EV 85.6 MPH)
|
|
Batting: RHB Henry Cotto
|
0-0: Swinging Strike 0-1: Ball 1-1: Fly out, F8 (Flyball, 8RD, EV 96.9 MPH)
|
|
Batting: RHB Guillermo Montiel
|
0-0: Ball 1-0: Foul Ball, location: 2F 1-1: Ball 2-1: Foul Ball, location: 2F 2-2: Ball 3-2: Foul Ball, location: 2F 3-2: SINGLE (Groundball, 13S, EV 62.5 MPH) (infield hit)
|
|
Batting: RHB Mike Gallego
|
0-0: Foul Ball, location: 2F 0-1: Ball 1-1: Ground out 4-3 (Groundball, 34D, EV 106.3 MPH)
|
| Top of the 8th over - 0 runs, 1 hit, 0 errors, 1 left on base; Anderson 8 - Spartanburg 4 |
| BOTTOM OF THE 8TH |
|
Spartanburg Spartans batting - Pitching for Anderson Rebels : LHP Louis Whetstone
|
|
Batting: RHB Rigo Rodriguez
|
0-0: Ball 1-0: Called Strike 1-1: Ground out 4-3 (Groundball, 4, EV 100.0 MPH)
|
|
Batting: LHB Albert Ortiz
|
0-0: Called Strike 0-1: Swinging Strike 0-2: Ball 1-2: Fly out, F5 (Popup, 6S, EV 78.1 MPH)
|
|
Batting: SHB Michael Vanderburg
|
0-0: Called Strike 0-1: Fly out, F6 (Flyball, 56D, EV 85.0 MPH)
|
| Bottom of the 8th over - 0 runs, 0 hits, 0 errors, 0 left on base; Anderson 8 - Spartanburg 4 |
| TOP OF THE 9TH |
|
Anderson Rebels batting - Pitching for Spartanburg Spartans : LHP Scott Budner
|
|
Batting: RHB Juan Blanco
|
0-0: Ground out 5-3 (Groundball, 56S, EV 71.9 MPH)
|
|
Batting: LHB James Beck
|
0-0: Ball 1-0: Called Strike 1-1: Swinging Strike 1-2: Strikes out swinging
|
|
Batting: RHB Jose Bernhardt
|
0-0: Ball 1-0: DOUBLE (Line Drive, 78M, EV 111.3 MPH)
|
|
Batting: RHB Hector Ordonez
|
0-0: Called Strike 0-1: Foul Ball, location: 2F 0-2: Ball 1-2: Ball 2-2: Ball 3-2: Foul Ball, location: 2F 3-2: Foul Ball, location: 2F 3-2: Base on Balls
|
|
Batting: LHB Dwight Lowry
|
0-0: Called Strike 0-1: Ball 1-1: Fly out, F9 (Flyball, 9S, EV 74.4 MPH)
|
| Top of the 9th over - 0 runs, 1 hit, 0 errors, 2 left on base; Anderson 8 - Spartanburg 4 |
| BOTTOM OF THE 9TH |
|
Spartanburg Spartans batting - Pitching for Anderson Rebels : LHP Louis Whetstone
|
|
Pitching: RHP Kenneth Walker
|
|
|
Batting: RHB Van Sowards
|
0-0: Swinging Strike 0-1: Foul Ball, location: 2F 0-2: Ball 1-2: Strikes out swinging
|
|
Batting: RHB Gib Seibert
|
0-0: Ball 1-0: Called Strike 1-1: Swinging Strike 1-2: Strikes out swinging
|
|
Batting: LHB John Hennell
|
0-0: Foul Ball, location: 2F 0-1: Ball 1-1: Ball 2-1: Ball 3-1: SINGLE (Line Drive, 7S, EV 110.6 MPH)
|
|
Batting: RHB Dan Boever
|
0-0: Ball 1-0: Ball 2-0: Called Strike 2-1: Called Strike 2-2: Ball 3-2: SINGLE (Groundball, 4MD, EV 98.1 MPH) John Hennell to second John Hennell to third
|
|
Batting: RHB Inocencio Guerrero
|
0-0: Swinging Strike 0-1: Called Strike 0-2: Ball 1-2: Strikes out swinging
|
| Bottom of the 9th over - 0 runs, 2 hits, 0 errors, 2 left on base; Anderson 8 - Spartanburg 4 |
|